[Event "Titled Tuesday Blitz November 07 Early 2023"]
[White "Saydaliev, Saidakbar"]
[Black "Tifferet, Shaked"]
[WhiteFideId "14203693"]
[BlackFideId "2811529"]
[WhiteElo "2776"]
[BlackElo "2532"]
[Result "1-0"]
[Round "2"]
[TimeControl "180+1"]
[Date "2023.11.07"]
[WhiteClock "0:00:18"]
[BlackClock "0:00:01"]
[Board "71"]

1. e4 c6 2. Nf3 d5 3. Nc3 dxe4 4. Nxe4 Nf6 5. Qe2 Nxe4 6. Qxe4 Nd7 7. d4 Nf6 8. Qd3 Qa5+ 9. Bd2 Qf5 10. Qb3 Qe6+ 11. Be2 Qxb3 12. axb3 Bf5 13. c4 e6 14. O-O Be7 15. Rfc1 h6 16. b4 O-O 17. Ne5 Rfd8 18. Bc3 a6 19. f3 Nd7 20. Nd3 Bxd3 21. Bxd3 b5 22. Be4 bxc4 23. Bxc6 Rab8 24. d5 exd5 25. Bxd5 Bxb4 26. Bxc4 Bxc3 27. bxc3 Nc5 28. Rc2 Rd6 29. Ra5 Nd3 30. h4 Rb1+ 31. Kh2 Nf4 32. Rxa6 Rdd1 33. Ra8+ Kh7 34. Bxf7 Rbc1 35. Bb3 Re1 36. Kg3 Ne2+ 37. Kf2 Nxc3 38. Rxc1 Rxc1 39. h5 g5 40. Ra7+ Kh8 41. Ke3 Nd1+ 42. Kd2 Rc7 43. Rxc7 Nf2 44. Ke2 Nh1 45. Ke3 Ng3 46. Kd4 g4 47. Ke5 gxf3 48. gxf3 Nxh5 49. Kf5 Ng7+ 50. Kg6 h5 51. Rc8+ 1-0


[Site "https://www.chess.com"]

[Event "Titled Tuesday Blitz November 07 Early 2023"]
[White "topce"]
[Black "Liyanage, Ranindu Dilshan"]
[BlackFideId "9915834"]
[WhiteElo "2530"]
[BlackElo "2775"]
[Result "0-1"]
[Round "2"]
[TimeControl "180+1"]
[Date "2023.11.07"]
[WhiteClock "0:00:57"]
[BlackClock "0:00:35"]
[Board "72"]

1. c4 e6 2. d4 d5 3. Nc3 Nf6 4. cxd5 exd5 5. Bg5 Bb4 6. e3 h6 7. Bxf6 Qxf6 8. Qa4+ Nc6 9. Bb5 O-O 10. Bxc6 Bxc3+ 11. bxc3 bxc6 12. Nf3 Qg6 13. O-O Bh3 14. Ne1 Rfb8 15. Kh1 Bf5 16. f3 Rb2 17. Rg1 Re8 18. Qxa7 Rxe3 19. Qxc7 Rxc3 20. a4 Rbb3 21. a5 Ra3 22. Rxa3 Rxa3 23. Qe7 Ra4 24. Qc5 Kh7 25. Qb6 Qf6 26. a6 Qxd4 27. Qxc6 Qc4 28. Qb7 Rxa6 29. Qxf7 Bg6 30. Qf8 d4 31. f4 Rf6 32. Qb8 Be4 33. Qe5 d3 34. Nf3 Bxf3 35. gxf3 Qxf4 36. Qxf4 Rxf4 37. Kg2 Kg6 38. Rd1 Rd4 39. Kf2 Kh5 40. Ke3 Rd7 41. Rxd3 Rxd3+ 42. Kxd3 Kh4 43. Ke4 Kh3 44. Kf5 Kxh2 45. Kg6 Kg3 46. Kxg7 h5 47. Kg6 h4 48. Kg5 h3 49. f4 h2 50. f5 h1=Q 51. Kg6 Kf4 52. f6 Qh8 53. f7 Qf8 54. Kf6 Kg4 55. Kg6 Kf4 56. Kf6 Ke4 57. Ke6 Kd4 58. Kf6 Kd5 59. Kg6 Ke6 60. Kh7 Qxf7+ 61. Kh8 Qe7 0-1


[Site "https://www.chess.com"]

[Event "Titled Tuesday Blitz November 07 Early 2023"]
[White "Manukyan, Artyom"]
[Black "Pakleza, Zbigniew"]
[WhiteFideId "13305786"]
[BlackFideId "1119290"]
[WhiteElo "2529"]
[BlackElo "2770"]
[Result "0-1"]
[Round "2"]
[TimeControl "180+1"]
[Date "2023.11.07"]
[WhiteClock "0:00:00"]
[BlackClock "0:00:55"]
[Board "73"]

1. e4 d6 2. d4 Nf6 3. Nc3 c6 4. f4 Qb6 5. Nf3 Bg4 6. Be2 Bxf3 7. Bxf3 e5 8. fxe5 dxe5 9. dxe5 Nfd7 10. e6 fxe6 11. Qe2 Ne5 12. Rb1 Nbd7 13. Be3 Bc5 14. Bxc5 Qxc5 15. Qf2 Qxf2+ 16. Kxf2 Ke7 17. Ke3 Rad8 18. Rbd1 Nc4+ 19. Ke2 Nde5 20. b3 Na3 21. Rc1 b5 22. Nb1 Nxb1 23. Rxb1 c5 24. Rbd1 b4 25. Ke3 Nc6 26. Rxd8 Rxd8 27. Rd1 Nd4 28. Rd2 Kf6 29. Be2 Ke5 30. Bc4 Rf8 31. Kd3 Rf1 32. c3 Nc6 33. Bb5 Na5 34. cxb4 cxb4 35. Bc4 Rc1 0-1


[Site "https://www.chess.com"]

[Event "Titled Tuesday Blitz November 07 Early 2023"]
[White "Ronka, Erik"]
[Black "Samunenkov, Ihor"]
[WhiteFideId "505080"]
[BlackFideId "14187086"]
[WhiteElo "2529"]
[BlackElo "2768"]
[Result "0-1"]
[Round "2"]
[TimeControl "180+1"]
[Date "2023.11.07"]
[WhiteClock "0:00:01"]
[BlackClock "0:00:10"]
[Board "74"]

1. e4 c5 2. Nf3 Nc6 3. d4 cxd4 4. Nxd4 Nf6 5. Nc3 e5 6. Ndb5 d6 7. Bg5 a6 8. Na3 b5 9. Bxf6 gxf6 10. Nd5 f5 11. Bd3 Be6 12. c3 Bg7 13. Nxb5 axb5 14. Bxb5 Bd7 15. exf5 O-O 16. O-O Rc8 17. Qg4 Kh8 18. Qe4 Qg5 19. Ne3 Nb8 20. a4 Qf4 21. Qxf4 exf4 22. Nd5 Rc5 23. Bxd7 Nxd7 24. Nxf4 Rxf5 25. Nd3 Ra8 26. Ra2 Rfa5 27. Rfa1 Nb6 28. Nb4 Rxa4 29. Rxa4 Rxa4 30. Rd1 d5 31. g3 Ra5 32. Nc6 Rb5 33. Rd2 Bf6 34. Nd4 Bxd4 35. Rxd4 Rxb2 36. Kg2 Rb3 37. Rf4 Kg7 38. Rg4+ Kf8 39. Rh4 Rxc3 40. Rxh7 d4 41. Rh8+ Kg7 42. Rb8 Rb3 43. Rd8 d3 44. Kf1 Nc4 45. h4 Rb1+ 46. Kg2 d2 0-1


[Site "https://www.chess.com"]

[Event "Titled Tuesday Blitz November 07 Early 2023"]
[White "HeroRubiksCube"]
[Black "Goltsev, Dmitry"]
[BlackFideId "24176710"]
[WhiteElo "2524"]
[BlackElo "2757"]
[Result "0-1"]
[Round "2"]
[TimeControl "180+1"]
[Date "2023.11.07"]
[WhiteClock "0:00:40"]
[BlackClock "0:01:15"]
[Board "75"]

1. e4 e6 2. d3 d5 3. Nd2 Nf6 4. g3 Bc5 5. h3 dxe4 6. dxe4 e5 7. Bg2 Nc6 8. Ngf3 Be6 9. O-O h6 10. Kh2 g5 11. c3 Qd7 12. b4 Bd6 13. Qa4 Ne7 14. Qxd7+ Nxd7 15. Nb3 Nb6 16. Rd1 O-O-O 17. Bf1 f5 18. Be3 fxe4 19. Nfd2 Ned5 20. Nxe4 Nxe3 21. fxe3 Rhf8 22. Nbc5 Bxc5 23. bxc5 Nd5 24. Bg2 Nxe3 25. Rxd8+ Rxd8 26. Re1 Rd3 27. c6 b6 28. Bf1 Rd1 29. Rxe3 Rxf1 30. g4 Bd5 31. Nf6 Rxf6 0-1


[Site "https://www.chess.com"]

[Event "Titled Tuesday Blitz November 07 Early 2023"]
[White "Mindlin, Alon"]
[Black "TimGrutter03"]
[WhiteFideId "2800071"]
[WhiteElo "2755"]
[BlackElo "2524"]
[Result "1-0"]
[Round "2"]
[TimeControl "180+1"]
[Date "2023.11.07"]
[WhiteClock "0:01:20"]
[BlackClock "0:00:00"]
[Board "76"]

1. d4 d5 2. c4 e6 3. Nc3 a6 4. a4 Nf6 5. Nf3 Bb4 6. e3 Ne4 7. Qc2 O-O 8. Bd3 f5 9. O-O c6 10. Ne2 a5 11. Nf4 g5 12. Ne2 Na6 13. Ne5 Bd6 14. Bd2 Bd7 15. Be1 Nb4 16. Bxb4 Bxb4 17. f3 Nd6 18. c5 Nf7 19. f4 Nxe5 20. fxe5 Be8 21. g4 Bg6 22. gxf5 exf5 23. Bxf5 Bxf5 24. Rxf5 Rxf5 25. Qxf5 Qe7 26. Rf1 Rf8 27. Qxf8+ Qxf8 28. Rxf8+ Kxf8 29. Kf2 Kf7 30. e4 Ke6 31. Ke3 Be1 32. exd5+ Kxd5 33. Nc3+ Ke6 34. Ke4 h5 35. Ne2 Bd2 36. b3 Be1 37. Ng1 g4 38. Ne2 h4 39. Nf4+ Kd7 40. Kf5 g3 41. h3 Bd2 42. Ng2 Bc3 43. Ke4 Be1 44. Nxe1 1-0


[Site "https://www.chess.com"]

[Event "Titled Tuesday Blitz November 07 Early 2023"]
[White "Silva Lucena, Cristian"]
[Black "Rosen, Eric"]
[WhiteFideId "2232588"]
[BlackFideId "2032562"]
[WhiteElo "2523"]
[BlackElo "2755"]
[Result "1-0"]
[Round "2"]
[TimeControl "180+1"]
[Date "2023.11.07"]
[WhiteClock "0:01:36"]
[BlackClock "0:00:03"]
[Board "77"]

1. e4 c5 2. Nf3 e6 3. d4 cxd4 4. Nxd4 Nc6 5. Nc3 Qc7 6. Qd3 Nf6 7. Ndb5 Qb8 8. Qg3 d6 9. Be3 a6 10. Nd4 Bd7 11. O-O-O b5 12. Bd3 Ne5 13. f4 Nxd3+ 14. cxd3 b4 15. Nce2 a5 16. Kb1 h5 17. Rc1 Qb7 18. Rc2 h4 19. Qf3 Be7 20. Rhc1 O-O 21. Rc7 Qa6 22. e5 Qxd3+ 23. Ka1 Nd5 24. Rxd7 Nxe3 25. Rxe7 Rac8 26. Rec7 Rxc7 27. Rxc7 h3 28. exd6 hxg2 29. Qf2 a4 30. d7 a3 31. bxa3 bxa3 32. Rc8 Kh7 33. Qh4+ Kg6 34. Qg5+ Kh7 35. Qh5+ Kg8 36. Rxf8+ Kxf8 37. d8=Q# 1-0


[Site "https://www.chess.com"]

[Event "Titled Tuesday Blitz November 07 Early 2023"]
[White "Csonka, Balazs"]
[Black "Jeet, Jain"]
[WhiteFideId "742910"]
[BlackFideId "5073022"]
[WhiteElo "2751"]
[BlackElo "2522"]
[Result "1-0"]
[Round "2"]
[TimeControl "180+1"]
[Date "2023.11.07"]
[WhiteClock "0:00:05"]
[BlackClock "0:00:01"]
[Board "78"]

1. d4 c5 2. e4 cxd4 3. Nf3 Nc6 4. Nxd4 g6 5. Nc3 Bg7 6. Be3 Nf6 7. Nxc6 bxc6 8. e5 Ng8 9. Bd4 Qa5 10. e6 Bxd4 11. Qxd4 Nf6 12. exf7+ Kxf7 13. O-O-O Rb8 14. Bc4+ Kg7 15. Rhe1 e6 16. Ne4 Rf8 17. Nd6 Ba6 18. Bb3 c5 19. Qe5 Qb4 20. f3 Kg8 21. a3 Qb6 22. Re3 Qc6 23. Rc3 c4 24. Nxc4 Bxc4 25. Rxc4 Qb6 26. Rc7 Rf7 27. Rc3 a5 28. Qc5 Qb7 29. Qxa5 Nh5 30. Qc7 Qb5 31. Qc5 Qb7 32. Qd4 Nf4 33. Qd2 Rbf8 34. Kb1 d5 35. Ka2 Rb8 36. Re3 Rd7 37. Rde1 Kg7 38. g3 d4 39. Re4 Nd5 40. Rxe6 Ra8 41. Qxd4+ Kg8 42. Re8+ Rxe8 43. Rxe8+ Kf7 44. Re5 1-0


[Site "https://www.chess.com"]

[Event "Titled Tuesday Blitz November 07 Early 2023"]
[White "Slade, Theodore"]
[Black "Korchmar, Vasiliy"]
[WhiteFideId "426547"]
[BlackFideId "24131750"]
[WhiteElo "2521"]
[BlackElo "2751"]
[Result "1-0"]
[Round "2"]
[TimeControl "180+1"]
[Date "2023.11.07"]
[WhiteClock "0:00:21"]
[BlackClock "0:00:00"]
[Board "79"]

1. d4 Nf6 2. c4 e6 3. g3 d5 4. Bg2 dxc4 5. Nf3 Bb4+ 6. Nbd2 O-O 7. Qc2 a5 8. a3 Bxd2+ 9. Bxd2 b5 10. O-O a4 11. e4 Bb7 12. Rfe1 h6 13. Bc3 Nbd7 14. Rad1 Re8 15. h4 Ra6 16. Ne5 Qa8 17. f4 c5 18. d5 exd5 19. Nxd7 Nxd7 20. exd5 Rxe1+ 21. Bxe1 Nf6 22. d6 Bxg2 23. Qxg2 Qxg2+ 24. Kxg2 Nd7 25. Bc3 f6 26. Kf3 Kf7 27. Ke4 Rb6 28. Kd5 b4 29. axb4 cxb4 30. Bd4 Ra6 31. Re1 c3 32. Re7+ Kg6 33. Rxd7 cxb2 34. Bxb2 a3 35. Bd4 b3 36. Rb7 Ra5+ 37. Ke6 b2 38. d7 1-0


[Site "https://www.chess.com"]

[Event "Titled Tuesday Blitz November 07 Early 2023"]
[White "Llorente Zaro, Alfonso"]
[Black "Kalogeris, Ioannis"]
[WhiteFideId "2254131"]
[BlackFideId "4239563"]
[WhiteElo "2749"]
[BlackElo "2520"]
[Result "0-1"]
[Round "2"]
[TimeControl "180+1"]
[Date "2023.11.07"]
[WhiteClock "0:00:34"]
[BlackClock "0:00:15"]
[Board "80"]

1. e4 e5 2. Nf3 Nc6 3. Bc4 Bc5 4. c3 Nf6 5. d4 exd4 6. e5 d5 7. Bb5 Ne4 8. cxd4 Be7 9. Nc3 O-O 10. O-O Bg4 11. Be3 a6 12. Be2 b5 13. Rc1 Qd7 14. Nxb5 axb5 15. Bxb5 Rxa2 16. Bxc6 Qe6 17. Qb3 Bxf3 18. gxf3 Qg6+ 19. Kh1 Qf5 20. Rg1 Qxf3+ 21. Rg2 Nxf2+ 22. Kg1 Nh3+ 23. Kh1 Nf4 24. Rg1 Nxg2 25. Bxd5 Qxe3 26. Qxa2 Nf4 27. Bc6 Qxd4 28. e6 fxe6 29. b3 Bc5 30. Rf1 Nd5 31. Rxf8+ Kxf8 32. Qa8+ Ke7 33. Qe8+ Kf6 34. Qd8+ Be7 35. Qa8 Qe4+ 0-1


[Site "https://www.chess.com"]

[Event "Titled Tuesday Blitz November 07 Early 2023"]
[White "Bilan, Danila"]
[Black "Wong, Yinn Long"]
[WhiteFideId "24161918"]
[BlackFideId "5707684"]
[WhiteElo "2516"]
[BlackElo "2749"]
[Result "0-1"]
[Round "2"]
[TimeControl "180+1"]
[Date "2023.11.07"]
[WhiteClock "0:00:00"]
[BlackClock "0:00:08"]
[Board "81"]

1. d4 Nf6 2. Nf3 g6 3. Bg5 Bg7 4. c3 O-O 5. Nbd2 d6 6. e4 Nc6 7. Bc4 Nxe4 8. Nxe4 d5 9. Bd3 dxe4 10. Bxe4 h6 11. Be3 Kh7 12. h4 Kg8 13. h5 g5 14. Bc2 Bg4 15. Qd3 f5 16. Nxg5 hxg5 17. f3 e5 18. fxg4 exd4 19. O-O-O Ne5 20. Qb5 Nxg4 21. Bxd4 Bxd4 22. Rxd4 Qe7 23. Kb1 Ne3 24. Rd7 Qe8 25. Bb3+ Kh8 26. Qd3 Qe5 27. Re1 Rae8 28. a4 Rf6 29. Ka2 Rd6 30. Rxd6 cxd6 31. g3 Kg7 32. Re2 Kh6 33. Bf7 Re7 34. Bb3 b6 35. Qa6 Qxg3 36. Qc8 Qe5 37. Qf8+ Qg7 38. Qd8 Rd7 39. Qc8 f4 40. Qc6 g4 41. Qe4 Kg5 42. Rxe3 fxe3 43. Qxe3+ Kxh5 44. Be6 Re7 45. Qe4 Kh4 46. Qh1+ Kg5 47. Qd5+ Qe5 48. Qd2+ Qf4 49. Qd5+ Kf6 50. Bc8 Qxa4+ 51. Kb1 Qf4 52. Qd1 Qe4+ 53. Ka2 Kg5 54. Qxd6 Qa4+ 55. Qa3 Qxa3+ 56. Kxa3 g3 0-1


[Site "https://www.chess.com"]

[Event "Titled Tuesday Blitz November 07 Early 2023"]
[White "Bettalli, Francesco"]
[Black "Kourkoulos-Arditis, Stamatis"]
[WhiteFideId "2816453"]
[BlackFideId "4221990"]
[WhiteElo "2511"]
[BlackElo "2740"]
[Result "1-0"]
[Round "2"]
[TimeControl "180+1"]
[Date "2023.11.07"]
[WhiteClock "0:00:45"]
[BlackClock "0:00:00"]
[Board "82"]

1. e4 g6 2. d4 Bg7 3. Nc3 d6 4. Be3 a6 5. g4 b5 6. Bg2 Bb7 7. h4 h5 8. gxh5 Rxh5 9. Bf3 Rh8 10. h5 gxh5 11. e5 Qc8 12. Rxh5 Rxh5 13. Bxb7 Qxb7 14. Qxh5 b4 15. e6 Kd8 16. Qxf7 Nf6 17. Qxg7 bxc3 18. Qf8+ Ne8 19. bxc3 Qb2 20. Rd1 Qxc3+ 21. Rd2 Nc6 22. d5 Nb4 23. Bg5 Qe5+ 24. Be3 Nxd5 25. Nf3 Qf6 26. Qf7 Nxe3 27. fxe3 c5 28. e4 Kc7 29. e5 dxe5 30. Rd7+ Kc6 31. Rxe7 Qh6 32. Rxe8 Qc1+ 33. Ke2 Qxc2+ 34. Nd2 e4 35. Qd7+ Kb6 36. Rxa8 1-0


[Site "https://www.chess.com"]

[Event "Titled Tuesday Blitz November 07 Early 2023"]
[White "Ziatdinov, Raset"]
[Black "Smirnov, Pavel"]
[WhiteFideId "2015323"]
[BlackFideId "4123425"]
[WhiteElo "2492"]
[BlackElo "2737"]
[Result "1-0"]
[Round "2"]
[TimeControl "180+1"]
[Date "2023.11.07"]
[WhiteClock "0:00:18"]
[BlackClock "0:00:02"]
[Board "83"]

1. e4 e5 2. Nf3 Nc6 3. Bb5 a6 4. Ba4 Nf6 5. O-O Be7 6. Re1 b5 7. Bb3 O-O 8. c3 d5 9. exd5 Nxd5 10. Nxe5 Nxe5 11. Rxe5 c6 12. d4 Bd6 13. Re1 Qh4 14. g3 Qh3 15. Qf3 Bg4 16. Qg2 Qh5 17. Nd2 Rae8 18. Re4 Bf3 19. Qxf3 Qxf3 20. Nxf3 Rxe4 21. Bd2 Rfe8 22. Kf1 R4e7 23. a4 Nb6 24. axb5 axb5 25. Ra6 Rb8 26. Ne5 Bxe5 27. dxe5 h6 28. f4 Nc4 29. Bc1 Rc7 30. Bc2 Nb6 31. Be4 Nd5 32. Ke2 Rd8 33. g4 c5 34. h4 c4 35. Rd6 Nxc3+ 36. bxc3 Rb8 37. f5 Re7 38. e6 fxe6 39. fxe6 Rbe8 40. Bd5 Ra7 41. Be3 Ra2+ 42. Kf3 Kh7 43. Be4+ Kg8 44. Bd5 Kh7 45. Bd4 Rd2 46. Rd7 Rf8+ 47. Ke3 Rd3+ 48. Ke4 Rg8 49. e7 Re8 50. Be6 b4 51. Bf5+ Kg8 52. Bg6 bxc3 53. Rd8 c2 54. Rxe8# 1-0


[Site "https://www.chess.com"]

[Event "Titled Tuesday Blitz November 07 Early 2023"]
[White "Preotu, Razvan"]
[Black "Pinto, Daniel"]
[WhiteFideId "2613280"]
[BlackFideId "3303144"]
[WhiteElo "2730"]
[BlackElo "2480"]
[Result "1-0"]
[Round "2"]
[TimeControl "180+1"]
[Date "2023.11.07"]
[WhiteClock "0:00:06"]
[BlackClock "0:00:04"]
[Board "84"]

1. e4 e5 2. Nf3 Nc6 3. Bc4 Nf6 4. d3 Bc5 5. c3 d6 6. O-O h6 7. b4 Bb6 8. Re1 a5 9. b5 Ne7 10. d4 Ng6 11. h3 O-O 12. Bd3 Nh5 13. Be3 Nhf4 14. Bf1 f5 15. exf5 Bxf5 16. dxe5 dxe5 17. Bxb6 cxb6 18. Nbd2 Qc7 19. Qb3+ Kh8 20. Qc4 Rac8 21. Qxc7 Rxc7 22. Nxe5 Nxe5 23. Rxe5 Rxc3 24. Nc4 Ng6 25. Ree1 Rf6 26. Rad1 Kh7 27. Nd6 Bc2 28. Rd2 Nf4 29. Re7 Rg6 30. g3 Nh5 31. Rxb7 Bb1 32. Rxb6 Rc1 33. Kg2 Nf4+ 34. Kf3 Ne6 35. Bd3 Ng5+ 36. Kg2 Bxd3 37. Rxd3 Rf6 38. h4 Rc2 39. hxg5 Rfxf2+ 40. Kh3 h5 41. g6+ Kh6 42. Nf7+ Rxf7 43. gxf7+ Kg5 44. Rd5# 1-0


[Site "https://www.chess.com"]

[Event "Titled Tuesday Blitz November 07 Early 2023"]
[White "Haitin, Ilja"]
[Black "Perez Gormaz, Matias"]
[WhiteFideId "4501764"]
[BlackFideId "3406342"]
[WhiteElo "2466"]
[BlackElo "2728"]
[Result "0-1"]
[Round "2"]
[TimeControl "180+1"]
[Date "2023.11.07"]
[WhiteClock "0:00:00"]
[BlackClock "0:00:13"]
[Board "85"]

1. Nf3 d5 2. g3 g6 3. c4 dxc4 4. Na3 Bg7 5. Nxc4 Nc6 6. Bg2 e5 7. d3 Nge7 8. O-O O-O 9. Rb1 Be6 10. b3 Nf5 11. Bb2 Nfd4 12. e3 Nxf3+ 13. Qxf3 Qxd3 14. Rbd1 Bxc4 15. Rxd3 Bxd3 16. Qd1 Rfd8 17. Re1 a5 18. Qc1 a4 19. bxa4 Rxa4 20. a3 Rc4 21. Qa1 Bc2 22. Bxc6 Rxc6 23. Bxe5 Bf8 24. Bf6 Rd3 25. Bd4 Rxa3 26. Qb2 Rb3 27. Qa1 Ra6 28. Qc1 Rb1 29. Qd2 Rxe1+ 30. Qxe1 Be4 31. h4 h5 32. Kh2 c5 0-1


[Site "https://www.chess.com"]

[Event "Titled Tuesday Blitz November 07 Early 2023"]
[White "kuanysh1981"]
[Black "Orozbaev, Eldiar"]
[BlackFideId "13802240"]
[WhiteElo "2465"]
[BlackElo "2722"]
[Result "0-1"]
[Round "2"]
[TimeControl "180+1"]
[Date "2023.11.07"]
[WhiteClock "0:01:04"]
[BlackClock "0:01:07"]
[Board "86"]

1. d4 Nf6 2. Nf3 e6 3. c4 c5 4. d5 b5 5. Nc3 b4 6. Nb1 Bb7 7. d6 Qb6 8. Bf4 Ne4 9. Nbd2 Bxd6 10. Bxd6 Nxd6 11. e4 Nxe4 12. Bd3 Nf6 13. O-O O-O 14. Re1 d5 15. Qe2 Nbd7 16. Rad1 Rfe8 17. Ne5 Nxe5 18. Qxe5 Rad8 19. h3 Qc6 20. Bf1 Qd6 21. Qg5 h6 22. Qh4 Qe7 23. cxd5 Nxd5 24. Qh5 Nf4 25. Qg4 Qg5 26. Qxg5 hxg5 27. g3 Nd3 28. Bxd3 Rxd3 29. Nc4 Red8 30. Rxd3 Rxd3 31. Rc1 f6 32. Na5 Bf3 33. g4 Rd2 34. Rxc5 Rxb2 35. Rc8+ Kh7 36. Rc7 Bd5 37. Rxa7 Rxa2 38. Nc6 Rxa7 39. Nxa7 b3 40. Nb5 b2 41. Nc3 Ba2 0-1


[Site "https://www.chess.com"]

[Event "Titled Tuesday Blitz November 07 Early 2023"]
[White "Wagner, Dennis"]
[Black "Herman, Daniel"]
[WhiteFideId "24650684"]
[BlackFideId "30935008"]
[WhiteElo "2718"]
[BlackElo "2450"]
[Result "1-0"]
[Round "2"]
[TimeControl "180+1"]
[Date "2023.11.07"]
[WhiteClock "0:02:13"]
[BlackClock "0:00:28"]
[Board "87"]

1. d4 Nf6 2. Nf3 g6 3. c4 Bg7 4. Nc3 d5 5. cxd5 Nxd5 6. e4 Nxc3 7. bxc3 O-O 8. Be2 c5 9. Be3 Nc6 10. Rc1 cxd4 11. cxd4 Qa5+ 12. Qd2 Qxd2+ 13. Kxd2 Bg4 14. d5 Bxf3 15. gxf3 Nd4 16. Rc7 e6 17. d6 Rfd8 18. d7 b6 19. Rhc1 Kf8 20. Rc8 1-0


[Site "https://www.chess.com"]

[Event "Titled Tuesday Blitz November 07 Early 2023"]
[White "Berezin, Viktor"]
[Black "MKlose11"]
[WhiteFideId "14107872"]
[WhiteElo "2442"]
[BlackElo "2716"]
[Result "0-1"]
[Round "2"]
[TimeControl "180+1"]
[Date "2023.11.07"]
[WhiteClock "0:00:00"]
[BlackClock "0:00:27"]
[Board "88"]

1. Nf3 Nf6 2. c4 c5 3. g3 Nc6 4. Bg2 d6 5. O-O g6 6. Nc3 Bd7 7. d3 Bg7 8. Rb1 O-O 9. a3 Qc8 10. Re1 Bh3 11. Bh1 Rb8 12. b4 b6 13. Ng5 Bd7 14. Nge4 Nxe4 15. Nxe4 Qc7 16. Bb2 e5 17. Nc3 Ne7 18. e3 Bc6 19. Bxc6 Qxc6 20. Qa4 Qb7 21. bxc5 dxc5 22. Ba1 Rfd8 23. Red1 h5 24. Ne4 h4 25. gxh4 Nf5 26. Qc2 Nxh4 27. f4 f5 28. Ng5 Nf3+ 29. Nxf3 Qxf3 30. Qf2 Qxf2+ 31. Kxf2 exf4 32. exf4 Bxa1 33. Rxa1 Kf7 34. Rd2 Rd4 35. Kf3 Rh8 36. Kg3 Kf6 37. Rf1 Re8 38. Rf3 Red8 39. h4 Rxc4 40. Re2 Rcd4 41. Ree3 Ra4 42. h5 gxh5 43. Kh4 Rxa3 44. Rg3 b5 45. Rg1 Rdxd3 0-1


[Site "https://www.chess.com"]

[Event "Titled Tuesday Blitz November 07 Early 2023"]
[White "Liu, Casper"]
[Black "Darini, Pouria"]
[WhiteFideId "1454153"]
[BlackFideId "12502200"]
[WhiteElo "2441"]
[BlackElo "2711"]
[Result "0-1"]
[Round "2"]
[TimeControl "180+1"]
[Date "2023.11.07"]
[WhiteClock "0:00:00"]
[BlackClock "0:00:10"]
[Board "89"]

1. e4 c5 2. Nc3 Nc6 3. Nge2 Nf6 4. g3 d6 5. Bg2 g6 6. O-O Bg7 7. d3 Rb8 8. a4 a6 9. h3 b5 10. axb5 axb5 11. f4 Bd7 12. g4 b4 13. Nd5 Nxd5 14. exd5 Nd4 15. Ng3 h5 16. f5 hxg4 17. hxg4 gxf5 18. gxf5 Be5 19. Bf4 Qb6 20. Bxe5 dxe5 21. Qg4 Nxc2 22. Qg7 Qf6 23. Qxf6 exf6 24. Ra7 Ne3 25. Rc1 Rg8 26. Kf2 Nxg2 27. Kxg2 Bxf5 28. Rxc5 Bxd3 29. Rcc7 Rg7 30. d6 Rd8 31. Re7+ Kf8 32. Red7 Rxd7 33. Rxd7 Ke8 34. Rc7 f5 35. Kf2 Rg6 36. Re7+ Kf8 37. Rxe5 Rxd6 38. Nxf5 Bxf5 39. Rxf5 Rd2+ 40. Ke3 Rxb2 41. Rb5 Kg7 42. Rb6 f6 43. Kf3 Kg6 44. Kg3 Kg5 45. Rb8 Rb3+ 46. Kf2 Kf4 47. Rc8 Rb2+ 48. Kf1 f5 49. Ke1 Ke3 50. Kf1 f4 0-1


[Site "https://www.chess.com"]

[Event "Titled Tuesday Blitz November 07 Early 2023"]
[White "Kostiukov, Alexandr"]
[Black "Halkias, Stelios"]
[WhiteFideId "14108100"]
[BlackFideId "4201809"]
[WhiteElo "2438"]
[BlackElo "2709"]
[Result "0-1"]
[Round "2"]
[TimeControl "180+1"]
[Date "2023.11.07"]
[WhiteClock "0:00:00"]
[BlackClock "0:00:53"]
[Board "90"]

1. g3 d5 2. Bg2 Nf6 3. d3 e6 4. e4 Be7 5. e5 Nfd7 6. Qe2 a5 7. Nf3 a4 8. O-O c5 9. c4 O-O 10. cxd5 exd5 11. e6 Nb6 12. exf7+ Rxf7 13. Ne5 Rf8 14. Nc3 Nc6 15. Nxc6 bxc6 16. Bf4 Bf6 17. Rac1 Bf5 18. h4 c4 19. dxc4 Nxc4 20. b3 axb3 21. axb3 Re8 22. Qd1 Nb2 23. Qd2 Nd3 24. Ra1 Rxa1 25. Rxa1 Nxf4 26. gxf4 d4 27. Na4 d3 28. Rd1 Re2 29. Qb4 Bxh4 30. Qc4+ Kh8 31. Rf1 Rc2 32. Qb4 d2 33. Bf3 Bxf2+ 34. Kg2 Be3 0-1


[Site "https://www.chess.com"]

[Event "Titled Tuesday Blitz November 07 Early 2023"]
[White "NovozhilovSemen"]
[Black "krucki03"]
[WhiteElo "2708"]
[BlackElo "2425"]
[Result "0-1"]
[Round "2"]
[TimeControl "180+1"]
[Date "2023.11.07"]
[WhiteClock "0:00:08"]
[BlackClock "0:01:38"]
[Board "91"]

1. d4 Nf6 2. Nf3 c5 3. d5 b5 4. Bg5 Qb6 5. c3 g6 6. Bxf6 Qxf6 7. e4 Qb6 8. Nbd2 Bg7 9. a4 b4 10. Nc4 Qd8 11. cxb4 cxb4 12. a5 O-O 13. Be2 Ba6 14. Qb3 d6 15. O-O Nd7 16. Nfd2 Rb8 17. Rfe1 Nc5 18. Qc2 Qd7 19. Nb3 Rfc8 20. Nxc5 Rxc5 21. Qb3 Bxc4 22. Bxc4 Bxb2 23. Qxb2 Rxc4 24. h4 Qg4 25. h5 Qxh5 26. Rac1 Rxc1 27. Rxc1 Qe5 28. Qxe5 dxe5 29. Kf1 h5 30. Ke2 b3 31. Kd3 b2 32. Rb1 h4 33. Kc3 g5 34. f3 f5 35. exf5 Kf7 36. Rxb2 Rxb2 37. Kxb2 Kf6 38. Kc3 Kxf5 39. Kd3 Kf4 40. Ke2 e4 41. fxe4 Kxe4 42. Kf2 g4 43. Kg1 Kxd5 44. Kf2 Kd4 45. Ke2 e5 46. Kd2 e4 47. Ke2 h3 48. gxh3 gxh3 49. Kf2 e3+ 50. Kf3 h2 51. Kg2 e2 0-1


[Site "https://www.chess.com"]

[Event "Titled Tuesday Blitz November 07 Early 2023"]
[White "GaiozNigalidze"]
[Black "ExchangeAB"]
[WhiteElo "2707"]
[BlackElo "2421"]
[Result "1-0"]
[Round "2"]
[TimeControl "180+1"]
[Date "2023.11.07"]
[WhiteClock "0:01:07"]
[BlackClock "0:00:41"]
[Board "92"]

1. d4 d5 2. c4 c6 3. cxd5 cxd5 4. Nc3 Nf6 5. Bf4 Nc6 6. e3 Bf5 7. Qb3 Na5 8. Qa4+ Bd7 9. Qd1 e6 10. Nf3 Rc8 11. Ne5 Be7 12. Bd3 O-O 13. Qf3 Nc4 14. Bxc4 dxc4 15. Qxb7 Rb8 16. Qxa7 Rxb2 17. O-O Be8 18. Nxc4 Rc2 19. Rfc1 Rxc1+ 20. Rxc1 Nd5 21. Nxd5 exd5 22. Ne5 Bd6 23. Nd3 Be7 24. h3 Bb5 25. Nc5 Bxc5 26. Rxc5 Bc4 27. a4 Qa8 28. Qxa8 Rxa8 29. a5 f6 30. Bc7 Kf7 31. Bb6 Re8 32. Rc7+ Re7 33. Rc8 Re8 34. Rc5 h5 35. g3 Re7 36. Kg2 g5 37. Kf3 Re8 38. g4 h4 39. Kg2 Re7 40. Bc7 Rd7 41. Rc6 Re7 42. Kg1 Bb5 43. Rc2 Bc4 44. Bb6 Re8 45. Rc3 Ke6 46. f3 f5 47. gxf5+ Kxf5 48. Kf2 Ra8 49. e4+ Ke6 50. e5 Kf5 51. Rc1 Ra6 52. Ke3 Ra8 53. Rg1 Rb8 54. Rg4 Rg8 55. f4 gxf4+ 56. Rxf4+ Ke6 57. Rxh4 Rg3+ 58. Kf4 Rg1 59. Rh6+ Ke7 60. Rh7+ Ke6 61. Rh6+ Ke7 62. h4 Rf1+ 63. Ke3 Re1+ 64. Kd2 Rh1 65. Kc3 Rb1 66. h5 Rb3+ 67. Kc2 Rh3 68. Rh7+ Ke6 69. Rh6+ Kd7 70. Kd2 Rd3+ 71. Ke1 Rh3 72. Rd6+ Ke7 73. h6 Kf7 74. Rf6+ Ke7 75. Bc5+ Kd7 76. e6+ Kc6 77. Kf2 Rh2+ 78. Kg3 Re2 79. h7 Re3+ 1-0


[Site "https://www.chess.com"]